TOP OF THE 1ST |
Cincinnati Reds batting - Pitching for St. Louis Cardinals : LHP Nate Crow
|
Pitching: LHP Nate Crow
|
|
Batting: RHB Willie Lazcano
|
0-0: Ball 1-0: Ball 2-0: Called Strike 2-1: Swinging Strike 2-2: Strikes out looking
|
Batting: RHB Joseph Kirchmann
|
0-0: Called Strike 0-1: Ground out 6-3 (Groundball, 6, EV 99.4 MPH)
|
Batting: LHB Jon Ledesma
|
0-0: Ball 1-0: Swinging Strike 1-1: Foul Ball, location: 2F 1-2: Strikes out swinging
|
Top of the 1st over - 0 runs, 0 hits, 0 errors, 0 left on base; Cincinnati 0 - St. Louis 0 |
BOTTOM OF THE 1ST |
St. Louis Cardinals batting - Pitching for Cincinnati Reds : RHP Marshall Barron
|
Pitching: RHP Marshall Barron
|
|
Batting: LHB Tom Butterbaugh
|
0-0: Ball 1-0: Called Strike 1-1: Ground out 4-3 (Groundball, 4, EV 85.6 MPH)
|
Batting: LHB Frank Hill
|
0-0: Ball 1-0: Ball 2-0: Called Strike 2-1: Foul Ball, location: 2F 2-2: Foul Ball, location: 2F 2-2: Foul Ball, location: 2F 2-2: Foul Ball, location: 2F 2-2: Ball 3-2: Foul Ball, location: 2F 3-2: Foul Ball, location: 2F 3-2: Base on Balls
|
Batting: SHB Antoine Roux
|
0-0: Ball 1-0: Called Strike 1-1: Ball 2-1: Ball 3-1: Base on Balls Frank Hill to second
|
Batting: RHB Pavpv Ivanushkin
|
0-0: Called Strike 0-1: Foul Ball, location: 2F 0-2: Ball 1-2: Ball 2-2: Strikes out swinging
|
Batting: LHB Ben Rubenacker
|
0-0: Ball 1-0: Foul Ball, location: 2F 1-1: Ground out 1-3 (Groundball, 13S, EV 68.8 MPH)
|
Bottom of the 1st over - 0 runs, 0 hits, 0 errors, 2 left on base; Cincinnati 0 - St. Louis 0 |
TOP OF THE 2ND |
Cincinnati Reds batting - Pitching for St. Louis Cardinals : LHP Nate Crow
|
Batting: SHB Dave Barefoot
|
0-0: SINGLE (Line Drive, 8RS, EV 88.8 MPH)
|
Batting: RHB Fred Slade
|
0-0: Ball 1-0: Fly out, F9 (Flyball, 9LM, EV 96.3 MPH)
|
Batting: LHB Shawn Morrison
|
0-0: Ball 1-0: Ball 2-0: SINGLE (Line Drive, 78S, EV 99.4 MPH) Dave Barefoot to second
|
Batting: RHB Omar Quintana
|
0-0: Ball Dave Barefoot steals 3rd base Shawn Morrison to second 1-0: Called Strike 1-1: Ball 2-1: Ball 3-1: Foul Ball, location: 2F 3-2: Fly out, F9 (Line Drive, 9, EV 87.5 MPH) Runner from 3rd tags up, SCORES, throw by RF Shawn Morrison to third
|
Batting: LHB Jesus Lozano
|
0-0: Called Strike 0-1: Ball 1-1: Foul Ball, location: 2F 1-2: Strikes out swinging
|
Top of the 2nd over - 1 run, 2 hits, 0 errors, 1 left on base; Cincinnati 1 - St. Louis 0 |
BOTTOM OF THE 2ND |
St. Louis Cardinals batting - Pitching for Cincinnati Reds : RHP Marshall Barron
|
Batting: RHB Eric Chotkowski
|
0-0: Ball 1-0: Foul Ball, location: 2F 1-1: Ball 2-1: SINGLE (Groundball, 4MD, EV 99.4 MPH)
|
Batting: RHB Tim Nettles
|
0-0: Called Strike 0-1: Ball 1-1: Fielders Choice at 2nd, 3-6 (Groundball, 34S, EV 86.3 MPH)
|
Batting: RHB Jorge Benites
|
0-0: Ball 1-0: Called Strike 1-1: Ball 2-1: Foul Ball, location: 2F 2-2: DOUBLE (Line Drive, 7LM, EV 112.5 MPH) Tim Nettles to third Runner from 3rd tries for Home, SAFE, throw by LF to home
|
Batting: RHB Sergio Godinez
|
0-0: Ball 1-0: Ball 2-0: Foul Ball, location: 2F 2-1: Foul Ball, location: 2F 2-2: Strikes out swinging
|
Batting: LHB Tom Butterbaugh
|
0-0: Ball 1-0: Ground out 1-3 (Groundball, 34S, EV 67.5 MPH)
|
Bottom of the 2nd over - 1 run, 2 hits, 0 errors, 1 left on base; Cincinnati 1 - St. Louis 1 |
TOP OF THE 3RD |
Cincinnati Reds batting - Pitching for St. Louis Cardinals : LHP Nate Crow
|
Batting: LHB Jake Bill
|
0-0: Fly out, F9 (Line Drive, 9, EV 103.8 MPH)
|
Batting: RHB Willie Lazcano
|
0-0: Ball 1-0: Ball 2-0: Ground out 4-3 (Groundball, 4MS, EV 65.0 MPH)
|
Batting: RHB Joseph Kirchmann
|
0-0: Ball 1-0: Ground out 5-3 (Groundball, 56, EV 104.4 MPH)
|
Top of the 3rd over - 0 runs, 0 hits, 0 errors, 0 left on base; Cincinnati 1 - St. Louis 1 |
BOTTOM OF THE 3RD |
St. Louis Cardinals batting - Pitching for Cincinnati Reds : RHP Marshall Barron
|
Batting: LHB Frank Hill
|
0-0: Called Strike 0-1: Ball 1-1: Foul Ball, location: 2F 1-2: Ball 2-2: Ball 3-2: Base on Balls
|
Batting: SHB Antoine Roux
|
0-0: Ball 1-0: Foul Ball, location: 2F 1-1: Called Strike 1-2: Strikes out swinging
|
Batting: RHB Pavpv Ivanushkin
|
0-0: Called Strike 0-1: SINGLE (Groundball, 6MD, EV 94.4 MPH) Frank Hill to second
|
Batting: LHB Ben Rubenacker
|
0-0: Ball 1-0: Foul Ball, location: 2F 1-1: Called Strike 1-2: Ball 2-2: Ball 3-2: Fly out, F9 (Line Drive, 9D, EV 104.4 MPH)
|
Batting: RHB Eric Chotkowski
|
0-0: Ball 1-0: Ball 2-0: Ball 3-0: Called Strike 3-1: Base on Balls Frank Hill to third Pavpv Ivanushkin to second
|
Batting: RHB Tim Nettles
|
0-0: Ball 1-0: Foul Ball, location: 2F 1-1: Fielders Choice at 2nd, 5-4 (Groundball, 56, EV 80.0 MPH)
|
Bottom of the 3rd over - 0 runs, 1 hit, 0 errors, 3 left on base; Cincinnati 1 - St. Louis 1 |
TOP OF THE 4TH |
Cincinnati Reds batting - Pitching for St. Louis Cardinals : LHP Nate Crow
|
Batting: LHB Jon Ledesma
|
0-0: Foul Ball, location: 2F 0-1: Ball 1-1: Called Strike 1-2: Ball 2-2: Ball 3-2: Foul Ball, location: 2F 3-2: Foul Ball, location: 2F 3-2: Fly out, F3 (Flyball, 3D, EV 85.6 MPH)
|
Batting: SHB Dave Barefoot
|
0-0: Foul Ball, location: 2F 0-1: Called Strike 0-2: Hit by Pitch
|
Batting: RHB Fred Slade
|
0-0: Fly out, F8 (Flyball, 8LXD, EV 106.3 MPH)
|
Batting: LHB Shawn Morrison
|
0-0: Called Strike 0-1: Ball 1-1: SINGLE (Flyball, 34D, EV 93.1 MPH) Dave Barefoot to second Runner from 2nd tries for 3rd, SAFE, throw by RF made to third
|
Batting: RHB Omar Quintana
|
0-0: Ball 1-0: Foul Ball, location: 2F 1-1: Ball 2-1: Foul Ball, location: 2F 2-2: Foul Ball, location: 2F 2-2: Foul Ball, location: 2F 2-2: Foul Ball, location: 2F 2-2: Strikes out swinging
|
Top of the 4th over - 0 runs, 1 hit, 0 errors, 2 left on base; Cincinnati 1 - St. Louis 1 |
BOTTOM OF THE 4TH |
St. Louis Cardinals batting - Pitching for Cincinnati Reds : RHP Marshall Barron
|
Batting: RHB Jorge Benites
|
0-0: Foul Ball, location: 2F 0-1: Foul Ball, location: 2F 0-2: SINGLE (Groundball, 34D, EV 98.8 MPH)
|
Batting: RHB Sergio Godinez
|
0-0: Swinging Strike 0-1: Swinging Strike 0-2: Foul Ball, location: 2F 0-2: Ball Pickoff Throw by Catcher to First - Error! E2 Jorge Benites to second 1-2: Strikes out looking
|
Batting: LHB Tom Butterbaugh
|
0-0: Ball 1-0: Ball 2-0: Fly out, F7 (Flyball, 7LM, EV 99.4 MPH)
|
Batting: LHB Frank Hill
|
0-0: Ball 1-0: Ground out 4-3 (Groundball, 4MS, EV 68.8 MPH)
|
Bottom of the 4th over - 0 runs, 1 hit, 1 error, 1 left on base; Cincinnati 1 - St. Louis 1 |
TOP OF THE 5TH |
Cincinnati Reds batting - Pitching for St. Louis Cardinals : LHP Nate Crow
|
Batting: LHB Jesus Lozano
|
0-0: Foul Ball, location: 2F 0-1: Bunt for hit to 56S - play at first, batter OUT! 1-3
|
Batting: LHB Jake Bill
|
0-0: Ball 1-0: Called Strike 1-1: Foul Ball, location: 2F 1-2: Strikes out swinging
|
Batting: RHB Willie Lazcano
|
0-0: Ball 1-0: Called Strike 1-1: Foul Ball, location: 2F 1-2: Ball 2-2: Ball 3-2: Strikes out swinging
|
Top of the 5th over - 0 runs, 0 hits, 0 errors, 0 left on base; Cincinnati 1 - St. Louis 1 |
BOTTOM OF THE 5TH |
St. Louis Cardinals batting - Pitching for Cincinnati Reds : RHP Marshall Barron
|
Batting: SHB Antoine Roux
|
0-0: Called Strike 0-1: Ball 1-1: Ground out 4-3 (Groundball, 4S, EV 60.0 MPH)
|
Batting: RHB Pavpv Ivanushkin
|
0-0: Ball 1-0: Called Strike 1-1: Foul Ball, location: 2F 1-2: Foul Ball, location: 2F 1-2: Ball 2-2: Strikes out swinging, 2-3 out at first.
|
Batting: LHB Ben Rubenacker
|
0-0: Ball 1-0: Ground out 5-3 (Groundball, 5, EV 78.8 MPH)
|
Bottom of the 5th over - 0 runs, 0 hits, 0 errors, 0 left on base; Cincinnati 1 - St. Louis 1 |
TOP OF THE 6TH |
Cincinnati Reds batting - Pitching for St. Louis Cardinals : LHP Nate Crow
|
Batting: RHB Joseph Kirchmann
|
0-0: Ball 1-0: Reached on error, E5 (Groundball, 56S, EV 90.0 MPH)
|
Batting: LHB Jon Ledesma
|
0-0: Ball 1-0: Called Strike 1-1: 2-RUN HOME RUN (Flyball, 9D, EV 94.4 MPH), Distance : 370 ft
|
Batting: SHB Dave Barefoot
|
0-0: Called Strike 0-1: Swinging Strike 0-2: Ball 1-2: Strikes out looking
|
Batting: RHB Fred Slade
|
0-0: Ball 1-0: SINGLE (Line Drive, 7S, EV 91.9 MPH)
|
Batting: LHB Shawn Morrison
|
0-0: Foul Ball, location: 2F 0-1: Foul Ball, location: 2F 0-2: Ball 1-2: Ball 2-2: Fly out, F6 (Line Drive, 6, EV 69.4 MPH)
|
Batting: RHB Omar Quintana
|
0-0: Called Strike 0-1: Ball 1-1: Ball 2-1: Foul Ball, location: 2F 2-2: Foul Ball, location: 2F 2-2: Foul Ball, location: 2F 2-2: Ball 3-2: Foul Ball, location: 2F 3-2: SINGLE (Line Drive, 9S, EV 103.8 MPH) Fred Slade to second Fred Slade to third
|
Pitching: LHP Tommy McCusker
|
|
Batting: LHB Jesus Lozano
|
0-0: Ball 1-0: Foul Ball, location: 2F 1-1: Fly out, F5 (Popup, 56S, EV 63.1 MPH)
|
Top of the 6th over - 2 runs, 3 hits, 1 error, 2 left on base; Cincinnati 3 - St. Louis 1 |
BOTTOM OF THE 6TH |
St. Louis Cardinals batting - Pitching for Cincinnati Reds : RHP Marshall Barron
|
Batting: RHB Eric Chotkowski
|
0-0: Called Strike 0-1: Ball 1-1: Ground out 1-3 (Groundball, 13S, EV 65.0 MPH)
|
Batting: RHB Tim Nettles
|
0-0: Ground out U3 (Groundball, 34, EV 99.4 MPH)
|
Batting: RHB Jorge Benites
|
0-0: Foul Ball, location: 2F 0-1: Swinging Strike 0-2: Ground out 6-3 (Groundball, 6, EV 103.1 MPH)
|
Bottom of the 6th over - 0 runs, 0 hits, 0 errors, 0 left on base; Cincinnati 3 - St. Louis 1 |
TOP OF THE 7TH |
Cincinnati Reds batting - Pitching for St. Louis Cardinals : LHP Tommy McCusker
|
Batting: LHB Jake Bill
|
0-0: Ground out 6-3 (Groundball, P, EV 85.6 MPH)
|
Batting: RHB Willie Lazcano
|
0-0: Ball 1-0: TRIPLE (Flyball, 9LD, EV 91.9 MPH)
|
Batting: RHB Joseph Kirchmann
|
0-0: Ball 1-0: Ball 2-0: Foul Ball, location: 2F 2-1: Ball 3-1: Called Strike 3-2: Foul Ball, location: 2F 3-2: Base on Balls
|
Batting: LHB Jon Ledesma
|
0-0: Ball 1-0: Ball 2-0: Foul Ball, location: 2F 2-1: Swinging Strike 2-2: Foul Ball, location: 2F 2-2: Ball 3-2: Strikes out swinging
|
Batting: SHB Dave Barefoot
|
0-0: Ball 1-0: Called Strike 1-1: Ball 2-1: Hit by Pitch Joseph Kirchmann to second
|
Pitching: LHP Steve Cooper
|
|
Batting: RHB Fred Slade
|
0-0: Ball 1-0: Ball 2-0: Foul Ball, location: 2F 2-1: SINGLE (Line Drive, 8RS, EV 86.9 MPH) Willie Lazcano scores Joseph Kirchmann to third Dave Barefoot to second Runner from 3rd tries for Home, throw by CF and OUT! 8-2
|
Top of the 7th over - 1 run, 2 hits, 0 errors, 2 left on base; Cincinnati 4 - St. Louis 1 |
BOTTOM OF THE 7TH |
St. Louis Cardinals batting - Pitching for Cincinnati Reds : RHP Marshall Barron
|
Pitching: LHP Jose Estrada
|
|
Batting: RHB Sergio Godinez
|
0-0: Called Strike 0-1: Called Strike 0-2: Ball 1-2: Ground out 3-1 (Groundball, 34, EV 86.3 MPH)
|
Batting: LHB Tom Butterbaugh
|
0-0: SINGLE (Line Drive, 9LS, EV 110.6 MPH)
|
Batting: LHB Frank Hill
|
0-0: Ball 1-0: Ball 2-0: Ball 3-0: Called Strike 3-1: Fly out, F9 (Flyball, 9LM, EV 80.6 MPH)
|
Batting: SHB Antoine Roux
|
0-0: Ball 1-0: Swinging Strike 1-1: Ball 2-1: Swinging Strike 2-2: Ground out 4-3 (Groundball, P, EV 88.8 MPH)
|
Bottom of the 7th over - 0 runs, 1 hit, 0 errors, 1 left on base; Cincinnati 4 - St. Louis 1 |
TOP OF THE 8TH |
Cincinnati Reds batting - Pitching for St. Louis Cardinals : LHP Steve Cooper
|
Batting: LHB Shawn Morrison
|
0-0: Called Strike 0-1: Ball 1-1: Swinging Strike 1-2: Strikes out swinging
|
Batting: RHB Omar Quintana
|
0-0: Called Strike 0-1: Swinging Strike 0-2: Ball 1-2: Ball 2-2: Strikes out swinging
|
Batting: LHB Jesus Lozano
|
0-0: Called Strike 0-1: Called Strike 0-2: Ball 1-2: Foul Ball, location: 2F 1-2: Strikes out swinging
|
Top of the 8th over - 0 runs, 0 hits, 0 errors, 0 left on base; Cincinnati 4 - St. Louis 1 |
BOTTOM OF THE 8TH |
St. Louis Cardinals batting - Pitching for Cincinnati Reds : LHP Jose Estrada
|
Pitching: RHP Gwidon Kaminski
|
|
Batting: RHB Pavpv Ivanushkin
|
0-0: Ball 1-0: Foul Ball, location: 2F 1-1: Ball 2-1: Ground out 1-3 (Groundball, 15S, EV 75.6 MPH)
|
Batting: LHB Ben Rubenacker
|
0-0: Ball 1-0: SOLO HOME RUN (Flyball, 9LD, EV 98.1 MPH), Distance : 358 ft
|
Batting: RHB Eric Chotkowski
|
0-0: Foul Ball, location: 2F 0-1: Swinging Strike 0-2: Ball 1-2: Ball 2-2: Strikes out looking
|
Batting: RHB Tim Nettles
|
0-0: Ball 1-0: Called Strike 1-1: Foul Ball, location: 2F 1-2: Strikes out swinging
|
Bottom of the 8th over - 1 run, 1 hit, 0 errors, 0 left on base; Cincinnati 4 - St. Louis 2 |
TOP OF THE 9TH |
Cincinnati Reds batting - Pitching for St. Louis Cardinals : LHP Steve Cooper
|
Pitching: LHP Brad Jonas
|
|
Batting: LHB Jake Bill
|
0-0: Ball 1-0: Called Strike 1-1: Called Strike 1-2: Ball 2-2: Ball 3-2: Strikes out looking
|
Batting: RHB Willie Lazcano
|
0-0: Ground out 6-3 (Groundball, 6S, EV 68.1 MPH)
|
Batting: RHB Joseph Kirchmann
|
0-0: Called Strike 0-1: Called Strike 0-2: SINGLE (Groundball, 6MD, EV 97.5 MPH)
|
Batting: LHB Jon Ledesma
|
0-0: Ball 1-0: Called Strike Joseph Kirchmann steals 2nd base 1-1: Ground out U3 (Groundball, 34S, EV 70.0 MPH)
|
Top of the 9th over - 0 runs, 1 hit, 0 errors, 1 left on base; Cincinnati 4 - St. Louis 2 |
BOTTOM OF THE 9TH |
St. Louis Cardinals batting - Pitching for Cincinnati Reds : RHP Gwidon Kaminski
|
Pitching: LHP Vince Zujovic
|
|
Batting: RHB Jorge Benites
|
0-0: Ball 1-0: Ball 2-0: DOUBLE (Line Drive, 9LM, EV 106.3 MPH)
|
Batting: RHB Sergio Godinez
|
0-0: Ball 1-0: Ball 2-0: Ball 3-0: Base on Balls
|
Batting: LHB Tom Butterbaugh
|
0-0: SINGLE (Line Drive, 8RS, EV 103.8 MPH) Jorge Benites to third Sergio Godinez to second
|
Pinch Hitting: RHB Nick Getz
|
0-0: Called Strike 0-1: Ball 1-1: Fly out, F8 (Line Drive, 8RD, EV 103.1 MPH)
|
Batting: SHB Antoine Roux
|
0-0: Called Strike 0-1: Foul Ball, location: 2F 0-2: Ball 1-2: Fly out, F2 (Popup, 23F, EV 87.5 MPH)
|
Batting: RHB Pavpv Ivanushkin
|
0-0: Ball 1-0: Ball 2-0: Foul Ball, location: 2F 2-1: Swinging Strike 2-2: Ball 3-2: Strikes out swinging
|
Bottom of the 9th over - 0 runs, 2 hits, 0 errors, 3 left on base; Cincinnati 4 - St. Louis 2 |
|